 Dungeon Crawl Stone Soup version 0.30-a0-39-g42789b21ef (webtiles) character file.

Game seed: 1304166888934361294

147 BritishOli the Trooper (level 5, -1/42 HPs)
             Began as a Demonspawn Fighter on Aug 29, 2022.
             Slain by an orc
             ... wielding a +0 trident
              (3 damage)
             ... on level 3 of the Dungeon.
             The game lasted 00:01:33 (2461 turns).

BritishOli the Trooper (Demonspawn Fighter)         Turns: 2461, Time: 00:01:33

Health: -1/42      AC:  9    Str: 18    XL:     5   Next: 8%
Magic:  5/5        EV: 11    Int:  9    God:
Gold:   97         SH:  5    Dex: 13    Spells: 4/4 levels left

rFire   . . .      SeeInvis .    a - +0 long sword
rCold   . . .      Faith    .    c - +0 buckler
rNeg    . . .      Spirit   .    b - +0 scale mail
rPois   .          Reflect  .    j - +1 hat
rElec   .          Harm     .    (no cloak)
rCorr   .          Rampage  .    (no gloves)
Will    .....                    g - +0 pair of boots
Stlth   ..........               (no amulet)
HPRegen 0.14/turn                (no ring)
MPRegen 0.09/turn                (no ring)

@: no status effects
A: repulsion field 1, foul stench 1
a: no special abilities


You were on level 3 of the Dungeon.
You visited 1 branch of the dungeon, and saw 3 of its levels.

You collected 97 gold pieces.

Inventory:

Hand Weapons
 a - a +0 long sword (weapon)
Armour
 b - a +0 scale mail (worn)
 c - a +0 buckler (worn)
 g - a +0 pair of boots (worn)
 j - a +1 hat (worn)
Scrolls
 e - a scroll of fear {unknown}
 f - 2 scrolls of enchant armour {unknown}
 h - 2 scrolls of amnesia {unknown}
 l - 2 scrolls of identify {unknown}
 m - a scroll of vulnerability {unknown}
 n - a scroll of brand weapon {unknown}
Potions
 d - 2 potions of might
 i - a potion of lignification {unknown}
 k - a potion of invisibility {unknown}
 o - a potion of ambrosia {unknown}


   Skills:
 + Level 3.8 Fighting
 + Level 2.8 Long Blades
 + Level 3.5 Armour
 + Level 3.5 Shields


You had 4 spell levels left.
You didn't know any spells.
Your spell library contained the following spells:

 Spells                   Type           Power      Damage    Failure   Level
 Blink                    Tloc           0%         N/A       94%         2
 Ensorcelled Hibernation  Hex/Ice        0%         N/A       94%         2
 Passwall                 Tmut/Erth      0%         N/A       94%         2
 Lesser Beckoning         Tloc           0%         N/A       99%         3
 Swiftness                Air            0%         N/A       99%         3
 Manifold Assault         Tloc           0%         N/A       100%        5


Dungeon Overview and Level Annotations

Branches:
Dungeon (3/15)

Altars:


Innate Abilities, Weirdness & Mutations

You are surrounded by a mild repulsion field. (EV +2)
You may rarely emit foul miasma when damaged in melee.


Message History

The orc wizard hits you with a +4 dagger.
The goblin barely misses you.
You closely miss the orc wizard.
The orc wizard is almost dead.
You block the orc wizard's attack. The goblin hits you with a +0 club.
You block the orc's attack.
You closely miss the orc wizard.
The orc wizard is almost dead.
The goblin hits you but does no damage. You block the orc wizard's attack.
The orc closely misses you.
You barely miss the orc wizard.
The orc wizard is almost dead.
The orc wizard hits you with a +4 dagger.
* * * LOW HITPOINT WARNING * * *
The orc barely misses you. You block the goblin's attack.
You completely miss the orc wizard.
The orc wizard is almost dead.
The orc wizard gestures at you while chanting.
The magic dart hits you.
* * * LOW HITPOINT WARNING * * *
You block the orc's attack. The goblin hits you but does no damage.
The orc barely misses you. The goblin hits you but does no damage.
The orc wizard hits you but does no damage.
You closely miss the orc wizard.
The orc wizard is almost dead.
The orc wizard hits you but does no damage.
The orc hits you but does no damage. The goblin hits you but does no damage.
You slash the orc wizard!
You kill the orc wizard!
The goblin closely misses you.
The orc hits you from afar with a +0 trident.
* * * LOW HITPOINT WARNING * * *
You have reached level 5!
Your demonic ancestry asserts itself...
You begin to radiate repulsive energy.
You hit the goblin.
You kill the goblin!
The orc hits you but does no damage. The orc hits you with a +0 trident.
You die...

... ######...#
##....#...#
#.....#...
###........
........#####
#####..o.......
......)@.#
.........#
......†.<#
#####....#
###.## #.# #.#
#+#


You could see an orc.

Vanquished Creatures
  Crazy Yiuf (D:2)
  An orc wizard (D:3)
  Terence (D:2)
  2 adders (D:2)
  A worm (D:2)
  An orc (D:3)
  6 ball pythons
  3 endoplasms
  3 giant cockroaches
  2 goblins
  A hobgoblin (D:1)
  6 jackals
  4 kobolds (D:2)
  3 quokkas
  A bat (D:1)
  9 frilled lizards
  6 rats
51 creatures vanquished.

Vanquished Creatures (others)
  8 plants (D:1)
8 creatures vanquished.

Grand Total: 59 creatures vanquished

Notes
Turn   | Place    | Note
-------+----------+-------------------------------------------
     0 | D:1      | BritishOli the Demonspawn Fighter began the quest for the
                  | Orb.
     0 | D:1      | Reached XP level 1. HP: 18/18 MP: 1/1
   213 | D:1      | Gained mutation: You may rarely emit foul miasma when
                  | damaged in melee. [demonic ancestry]
   213 | D:1      | Reached XP level 2. HP: 4/24 MP: 2/2
  1142 | D:2      | Reached XP level 3. HP: 28/29 MP: 3/3
  1398 | D:2      | Noticed Terence
  1408 | D:2      | Killed Terence
  1601 | D:2      | Reached XP level 4. HP: 35/35 MP: 4/4
  2063 | D:2      | Found a runed translucent door.
  2064 | D:2      | Noticed Crazy Yiuf
  2129 | D:2      | Identified the +5 dagger of the Fresh God {vorpal, rElec
                  | rPois rC+++ Int-4}
  2208 | D:2      | Killed Crazy Yiuf
  2460 | D:3      | Gained mutation: You are surrounded by a mild repulsion
                  | field. (EV +2) [demonic ancestry]
  2460 | D:3      | Reached XP level 5. HP: 2/42 MP: 5/5
  2461 | D:3      | Slain by an orc

Illustrated notes

Levels and vault maps discovered:
D:1:      dpeg_arrival_concentric_ovals, layout_loops_ring, minmay_lizard_king
D:2:      layout_loops_ring, uniq_crazy_yiuf_cottage, uniq_terence
D:3:      layout_basic, nicolae_ru_sacrificial_ziggurat

Skill      XL: |  1  2 |
---------------+-------+-----
Long Blades    | 2 |  2.8
Shields        | 3 |  3.5
Armour         | 3 |  3.5
Fighting       | |  3.8

Action                   |  1- 3 |  4- 6 || total
-------------------------+-------+-------++-------
Melee: Long sword        |   127 |    49 ||   176
Armor: Scale mail        |    50 |    36 ||    86
Dodge: Dodged            |    43 |    31 ||    74
Block: Buckler           |    33 |    22 ||    55

Table legend: (Time is in decaauts)
 A = Elapsed time spent in this place.
 B = Non-inter-level travel time spent in this place.
 C = Inter-level travel time spent in this place.
 D = Time resting spent in this place.
 E = Time spent auto-exploring this place.
 F = Levels seen in this place.
 G = Mean time per level.
                   A        B        C        D        E       F      G
               +--------+--------+--------+--------+--------+-----+--------+
         Total |   2519 |   2456 |     63 |    432 |   1646 |   3 |  839.7 |
       Dungeon |   2519 |   2456 |     63 |    432 |   1646 |   3 |  839.7 |
               +--------+--------+--------+--------+--------+-----+--------+

Top non-repeatable levels by time:
     D:2: 1366 daAuts
     D:1: 1129 daAuts
     D:3: 23 daAuts
